 Dungeon Crawl Stone Soup version 0.32-a0-814-g0968bab981 (webtiles) character file.

Game seed: 4432921961451026153

26 Descartes the Shooter (level 2, 25/25 HPs)
             Began as a Mountain Dwarf Hunter on Mar 22, 2024.
             Got out of the dungeon alive.
             The game lasted 00:01:24 (320 turns).

Descartes the Shooter (Mountain Dwarf Hunter)        Turns: 320, Time: 00:01:25

Health: 25/25      AC:  5    Str: 13    XL:     2   Next: 89%
Magic:  2/2        EV:  9    Int:  9    God:
Gold:   46         SH:  0    Dex: 13    Spells: 1/1 levels left

rFire   . . .        a - +0 shortbow
rCold   . . .        (shield currently unavailable)
rNeg    . . .        d - +0 ring mail
rPois   .            (no helmet)
rElec   .            (no cloak)
rCorr   .            (no gloves)
SInv    .            (no boots)
Will    .....        (no amulet)
Stlth   +            (no ring)
HPRegen 0.24/turn    (no ring)
MPRegen 0.08/turn

%: no passive effects
@: no status effects
A: runic magic, artefact enchanting
a: no special abilities


You escaped.
You visited 1 branch of the dungeon, and saw 1 of its levels.

You collected 46 gold pieces.

Inventory:

Hand Weapons
 a - a +0 shortbow (weapon)
Armour
 c - a +0 leather armour
 d - a +0 ring mail (worn)
Scrolls
 b - a scroll of butterflies
 e - a scroll of immolation {unknown}
Potions
 f - a potion of berserk rage {unknown}


   Skills:
 + Level 2.6 Fighting
 + Level 3.5 Ranged Weapons
 + Level 1.7 Dodging
 + Level 1.2 Stealth


You had one spell level left.
You didn't know any spells.
Your spell library was empty.

Dungeon Overview and Level Annotations

Branches:
Dungeon (1/15)

Altars:

Shops:
D:1 =


Innate Abilities, Weirdness & Mutations

Your spellcasting is much less encumbered by armour.
You can use scrolls of enchantment on lesser artefacts.


Message History

You shoot an arrow. The arrow hits the ball python!
You kill the ball python!
No target in view!
A rat comes into view.
The rat squeaks loudly.
A rat is nearby!
You shoot an arrow. The arrow closely misses the rat.
You shoot an arrow. The arrow hits the rat.
You kill the rat!
No target in view!
A giant cockroach comes into view.
You shoot an arrow.
The arrow hits the giant cockroach but does no damage.
You shoot an arrow.
The arrow closely misses the giant cockroach.
You shoot an arrow.
The arrow closely misses the giant cockroach.
You shoot an arrow.
The arrow hits the giant cockroach but does no damage.
The giant cockroach barely misses you. The giant cockroach bites you.
You shoot an arrow.
The arrow closely misses the giant cockroach.
The giant cockroach bites you but does no damage.
You shoot an arrow.
The arrow hits the giant cockroach but does no damage.
The giant cockroach bites you but does no damage.
The giant cockroach bites you.
You shoot an arrow. The arrow hits the giant cockroach.
You kill the giant cockroach!
Unknown command.
You see here a giant cockroach corpse.
Things that are here:
a +0 club; a goblin corpse; a frilled lizard corpse You enter the shallow water.
Moving in this stuff is going to be slow.
There is a staircase leading out of the dungeon here.
Alright, then stay!
Unknown command.
Unknown command.
You have escaped!

.......~≈≈~.....>#
.......~≈≈.......#
^......≈≈≈.......#
......~~≈~.......#
......~≈~~.......#
......~≈~~.......#
......~≈~........#
......~≈~........#
.....~~≈~.......@#
#####~≈~##########
# #≈≈≈≈# # #≈≈≈≈##
##≈≈≈### ##### # #


There were no monsters in sight!

Vanquished Creatures
  3 ball pythons (D:1)
  5 endoplasms (D:1)
  2 giant cockroaches (D:1)
  2 goblins (D:1)
  3 hobgoblins (D:1)
  A quokka (D:1)
  2 bats (D:1)
  2 frilled lizards (D:1)
  A kobold (D:1)
  A rat (D:1)
22 creatures vanquished.

Notes
Turn   | Place    | Note
-------+----------+-------------------------------------------
     0 | D:1      | Descartes the Mountain Dwarf Hunter began the quest for the
                  | Orb.
     0 | D:1      | Reached XP level 1. HP: 17/17 MP: 1/1
    82 | D:1      | Reached skill level 1 in Stealth
   100 | D:1      | Reached XP level 2. HP: 25/25 MP: 2/2
   209 | D:1      | Found Hap Sovu's Jewellery Boutique.
   320 | D:$      | Got out of the dungeon alive.

Illustrated notes

Levels and vault maps discovered:
D:1:      lemuel_arrival_river_ford, layout_loops_ring, serial_shops,
          nicolae_shop_tiny_glass, hangedman_decor_peaks_small,
          nicolae_houndstooth_variations

Skill      XL: |  1 |
---------------+----+-----
Stealth        | 1 |  1.2
Fighting       | |  2.6
Ranged Weapons | |  3.5
Dodging        | |  1.7

Action                     || total
---------------------------++-------
   Fire: Shortbow          ||    57
 Armour: Leather armour    ||     2
         Ring mail         ||    29
  Dodge: Dodged            ||    26

Table legend: (Time is in decaauts)
 A = Elapsed time spent in this place.
 B = Non-inter-level travel time spent in this place.
 C = Inter-level travel time spent in this place.
 D = Time resting spent in this place.
 E = Time spent auto-exploring this place.
 F = Levels seen in this place.
 G = Mean time per level.
                   A        B        C        D        E       F      G
               +--------+--------+--------+--------+--------+-----+--------+
         Total |    342 |    297 |     45 |      0 |    165 |   1 |  342.0 |
       Dungeon |    342 |    297 |     45 |      0 |    165 |   1 |  342.0 |
               +--------+--------+--------+--------+--------+-----+--------+

Top non-repeatable levels by time:
     D:1: 342 daAuts
